 Dungeon Crawl Stone Soup version 0.28-a0-1594-ga885d4b3d6 (webtiles) character file.

Game seed: 5594961422128558296

738 testman the Skirmisher (level 8, -1/61 HPs)
             Began as a Djinni Hedge Wizard on Jan 20, 2022.
             Was a Believer of Dithmenos.
             Slain by a centaur (5 damage)
             ... on level 5 of the Dungeon.
             The game lasted 00:24:19 (6941 turns).

testman the Skirmisher (Djinni Hedge Wizard)        Turns: 6941, Time: 00:24:20

Health: -1/61      AC:  2    Str:  9    XL:     8   Next: 4%
Gold:   230        EV: 12    Int: 17    God:    Dithmenos [**....] SH:  0 Dex: 14

rFire   + + .      SeeInvis .   a - +0 dagger
rCold   x . .      Faith    .   (no shield)
rNeg    . . .      Spirit   .   b - +0 robe
rPois   ∞          Reflect  .   c - +0 hat
rElec   .          Harm     .   (no cloak)
rCorr   .          Rampage  .   (no gloves)
Will    .....                   (boots unavailable)
Stlth   ++........              (no amulet)
HPRegen 0.20/turn               (no ring)
MPRegen 0.00/turn               (no ring)

@: flying, wreathed by umbra
A: sickness immunity, fire resistance 2, cold vulnerability 1, float, innate
caster, hp casting, extra vitality 1
a: Renounce Religion, Shadow Step


You were on level 5 of the Dungeon.
You worshipped Dithmenos.
Dithmenos was pleased with you.
You visited 1 branch of the dungeon, and saw 5 of its levels.

You collected 230 gold pieces.

Inventory:

Hand Weapons
 a - a +0 dagger (weapon)
Missiles
 e - 11 poisoned darts
Armour
 b - a +0 robe (worn)
 c - a +0 hat (worn)
Jewellery
 o - a ring of fire
Scrolls
 d - a scroll of immolation {unknown}
 k - 2 scrolls of noise {unknown}
 l - 4 scrolls of vulnerability {unknown}
 m - a scroll of identify {unknown}
 n - 2 scrolls of magic mapping {unknown}
 p - a scroll of acquirement {unknown}
 s - a scroll of amnesia {unknown}
Potions
 f - a potion of berserk rage {unknown}
 g - a potion of lignification {unknown}
 h - 3 potions of curing {unknown}
 i - a potion of haste {unknown}
 j - a potion of invisibility {unknown}
 q - a potion of heal wounds {unknown}
 r - a potion of resistance {unknown}


   Skills:
 + Level 5.6 Fighting
 - Level 2.1 Dodging
 - Level 1.5 Stealth
 + Level 5.1 Spellcasting


You couldn't memorise any spells.
You knew the following spells:

 Your Spells              Type           Power      Damage    Failure   Level
a - Magic Dart            Conj           84%        1d7       1%          1
b - Blink                 Tloc           42%        N/A       2%          2
c - Call Imp              Summ           21%        N/A       2%          2
d - Slow                  Hex            84%        N/A       1%          1
e - Conjure Flame         Conj/Fire      21%        6-21      5%          3
f - Mephitic Cloud        Conj/Pois/Air  21%        N/A       5%          3
g - Summon Small Mammal   Summ           84%        N/A       1%          1
h - Static Discharge      Conj/Air       21%        N/A       2%          2
i - Summon Guardian Gole  Hex/Summ       21%        N/A       5%          3
Your spell library was empty.

Dungeon Overview and Level Annotations

Branches:
Dungeon (5/15)
 Temple: D:4-7

Altars:
Dithmenos
Zin

Annotations:
D:3 2 transporters, HuGe's ghost, amateur MiBe


Innate Abilities, Weirdness & Mutations

You are immune to sickness and miasma.
You are immune to poison.
Your flesh is very heat resistant. (rF++)
You are vulnerable to cold. (rC-)
You float through the air rather than walking.
You learn spells naturally, not from books.
Your magical power is your life essence.
You have superior vitality. (+4 MHP)


Message History

Your guardian golem overheats!
The centaur shoots an arrow.
The arrow hits your guardian golem! Flame seeps out of your guardian golem.
Your quokka bites the ogre.
Your white imp hits the ogre.
The ogre dies!
Dithmenos accepts your kill.
Your Spellcasting skill increases to level 5!
You have reached level 8!
You feel agile.
The centaur shoots an arrow.
The arrow hits you.
Your guardian golem is engulfed in blazing flames.
Flame seeps out of your guardian golem.
The centaur shoots an arrow.
The arrow misses you.
You see here a +0 giant club.
Your guardian golem is engulfed in blazing flames.
Flame seeps out of your guardian golem.
The centaur shoots an arrow.
The arrow hits you!
The centaur shoots an arrow.
The arrow closely misses you.
The arrow completely misses your guardian golem.
The centaur shoots an arrow.
The arrow closely misses you.
The centaur shoots an arrow.
The arrow misses you. The arrow hits your guardian golem!
Your guardian golem disappears in a puff of smoke!
Your guardian golem explodes!
The fiery explosion engulfs you! You resist.
* * * LOW HITPOINT WARNING * * *
The fiery explosion engulfs your quokka!!
Your quokka dies!
Your quokka's corpse disappears in a puff of smoke!
You hear a shout! x3
An orc priest comes into view. It is wielding a +0 flail.
The centaur unwields a +0 shortbow.
The centaur hits you.
* * * LOW HITPOINT WARNING * * *
The centaur kicks you.
* * * LOW HITPOINT WARNING * * *
The centaur closely misses you. The centaur kicks you.
* * * LOW HITPOINT WARNING * * *
The orc priest moves out of view.
You closely miss the centaur. The centaur hits you.
You die...

#...#+##...## ##
#......#...### .
#......+.....# ..
#......#.....#
...##++##......#.....#
+..............##'####..
.....................(..
........................
.......@§§..............
......c.§§§.............
.......=§§§)............
.########5.....#########
#......# #......#
#......# #...!..#
########


You could see a centaur (ally target) and a friendly white imp (summoned).

Vanquished Creatures
  Grinder (D:4)
  A sky beast (D:4)
  A black bear (D:3)
  An orc priest (D:4)
  A hound (D:4)
  2 iguanas
  A gnoll (D:1)
  8 adders
  3 dart slugs
  4 worms
  11 orcs
  6 bats
  5 endoplasms
  2 giant cockroaches
  7 goblins
  9 hobgoblins
  4 jackals (D:4)
  4 kobolds
  4 quokkas
  2 ball pythons
  3 frilled lizards
  5 rats
85 creatures vanquished.

Vanquished Creatures (collateral kills)
  An ogre (D:5)
1 creature vanquished.

Vanquished Creatures (others)
  16 plants (D:2)
16 creatures vanquished.

Grand Total: 102 creatures vanquished

Notes
Turn   | Place    | Note
-------+----------+-------------------------------------------
     0 | D:1      | testman the Djinni Hedge Wizard began the quest for the
                  | Orb.
     0 | D:1      | Reached XP level 1. HP: 15/15 MP: 0/0
   412 | D:1      | Reached skill level 1 in Fighting
   412 | D:1      | Reached XP level 2. HP: 15/22 MP: 0/0
  1429 | D:1      | Found a faded altar of an unknown god.
  1436 | D:1      | Prayed at the altar of an unknown god.
  1436 | D:1      | Became a worshipper of Dithmenos the Shadowed
  1436 | D:1      | Reached * piety under Dithmenos
  1470 | D:1      | Reached XP level 3. HP: 21/28 MP: 0/0
  1470 | D:1      | Learned a level 1 spell: Summon Small Mammal
  1918 | D:2      | Reached XP level 4. HP: 24/33 MP: 0/0
  2352 | D:2      | Found a glowing silver altar of Zin.
  3030 | D:3      | Noticed a black bear
  3050 | D:3      | Killed a black bear
  3050 | D:3      | Reached ** piety under Dithmenos
  3051 | D:3      | Reached XP level 5. HP: 21/40 MP: 0/0
  3051 | D:3      | Learned a level 2 spell: Static Discharge
  3290 | D:3      | Found a transporter.
  3291 | D:3      | Identified the +7 giant club "Xomox" {vorpal, rElec}
  3291 | D:3      | Noticed an ogre
  3291 | D:3      | Noticed HuGe's ghost (amateur MiBe)
  3292 | D:3      | Found a transporter.
  3479 | D:3      | Reached XP level 6. HP: 34/46 MP: 0/0
  5793 | D:4      | Noticed a sky beast
  5817 | D:4      | Killed a sky beast
  5818 | D:4      | Reached XP level 7. HP: 36/53 MP: 0/0
  5818 | D:4      | Learned a level 3 spell: Summon Guardian Golem
  5929 | D:4      | Noticed Grinder
  5975 | D:4      | Paralysed by Grinder for 4 turns
  5982 | D:4      | Killed Grinder
  5983 | D:4      | Reached skill level 5 in Fighting
  6881 | D:5      | Entered Level 5 of the Dungeon
  6936 | D:5      | Reached skill level 5 in Spellcasting
  6936 | D:5      | Reached XP level 8. HP: 35/61 MP: 0/0
  6941 | D:5      | Slain by a centaur

Illustrated notes

Levels and vault maps discovered:
D:1:      elethiomel_arrival_maze, layout_basic,
          dilly_ecumenical_altar_fadedgnrine, minmay_ruptured
D:2:      layout_rooms, serial_bayou, serial_bayou_ford_a,
          serial_bayou_lagoon_a, serial_bayou_shore_b, serial_bayou_shore_b,
          basic_altar
D:3:      layout_rooms, gammafunk_ghost_smash, chequers_mini_garden,
          grunt_decor_fettered
D:4:      layout_loops_ring, hangedman_decor_opposing, uniq_grinder
D:5:      layout_gridville, general_overflow_altar, temple_green,
          ebering_ghost_gozag, nicolae_shop_overcharged_wands

Skill      XL: |  1  2  3  4  5  6  7 |
---------------+----------------------+-----
Fighting       | 1 2 3 4 5 |  5.6
Spellcasting   | 3 4 5 |  5.1
Dodging        | |  2.1
Stealth        | |  1.5

Action                   |  1- 3 |  4- 6 |  7- 9 || total
-------------------------+-------+-------+-------++-------
Melee: Dagger            |    44 |   153 |    55 ||   252
       Punch             |     1 |     2 |       ||     3
Throw: Dart              |       |     7 |       ||     7
 Cast: Magic Dart        |    49 |   110 |    35 ||   194
       Conjure Flame     |       |     8 |     3 ||    11
       Blink             |       |     2 |       ||     2
       Summon Small Mamm |       |     1 |     1 ||     2
       Static Discharge  |       |    12 |     1 ||    13
       Mephitic Cloud    |       |    10 |       ||    10
       Call Imp          |       |       |     1 ||     1
       Summon Guardian G |       |       |     1 ||     1
 Stab: Sleeping          |     1 |     1 |     1 ||     3
       Confused          |       |     8 |       ||     8
Armor: Robe              |     5 |    17 |     7 ||    29
Dodge: Dodged            |    19 |   137 |    51 ||   207

Table legend: (Time is in decaauts)
 A = Elapsed time spent in this place.
 B = Non-inter-level travel time spent in this place.
 C = Inter-level travel time spent in this place.
 D = Time resting spent in this place.
 E = Time spent auto-exploring this place.
 F = Levels seen in this place.
 G = Mean time per level.
                   A        B        C        D        E       F      G
               +--------+--------+--------+--------+--------+-----+--------+
         Total |   6946 |   6829 |    117 |   3069 |   2904 |   5 | 1389.2 |
       Dungeon |   6946 |   6829 |    117 |   3069 |   2904 |   5 | 1389.2 |
               +--------+--------+--------+--------+--------+-----+--------+

Top non-repeatable levels by time:
     D:3: 2216 daAuts
     D:4: 1810 daAuts
     D:1: 1585 daAuts
     D:2: 1273 daAuts
     D:5: 59 daAuts
